 Dungeon Crawl Stone Soup version 0.20.0-10-g0535bb4 (webtiles) character file.

51 Morrissey the Shield-Bearer (level 3, -1/23 HPs)
             Began as a Gargoyle Fighter on June 6, 2017.
             Slain by Sigmund
             ... wielding a +0 scythe
              (3 damage)
             ... on level 2 of the Dungeon.
             The game lasted 00:01:56 (1085 turns).

Morrissey the Shield-Bearer (Gargoyle Fighter)      Turns: 1085, Time: 00:01:56

Health: -1/23      AC: 12    Str: 24    XL:     3   Next: 83%
Magic:  3/3        EV:  7    Int:  8    God:
Gold:   63         SH:  0    Dex: 10    Spells: 2/2 levels left

rFire    + + .     SeeInvis .   a - +0 flail
rCold    . . .     Gourm    .   c - +0 shield
rNeg     + . .     Faith    .   b - +0 scale mail
rPois    ∞         Spirit   .   k - +0 helmet
rElec    +         Reflect  .   h - +0 cloak
rCorr    .         Harm     .   (no gloves)
MR       .....                  (no boots)
Stlth    ..........             (no amulet)
Regen    0.1/turn               g - ring of protection from fire
MPRegen  0.1/turn               m - ring of protection from fire

@: confused, mighty
A: negative energy resistance 1, electricity resistance, unbreathing,
petrification resistance, rot immunity, AC +3
a: no special abilities


You were on level 2 of the Dungeon.
You were not hungry.

You visited 1 branch of the dungeon, and saw 2 of its levels.

You collected 63 gold pieces.

Inventory:

Hand Weapons
 a - a +0 flail (weapon)
Armour
 b - a +0 scale mail (worn)
 c - a +0 shield (worn)
 h - a +0 cloak (worn)
 k - a +0 helmet (worn)
Jewellery
 g - a ring of protection from fire (left hand)
 m - a ring of protection from fire (right hand)
Scrolls
 e - a scroll of recharging {unknown}
 i - a scroll of immolation {unknown}
 j - 2 scrolls of fog {unknown}
Potions
 n - a potion of agility {unknown}
 o - a potion of berserk rage {unknown}
Comestibles
 f - 2 bread rations
 l - 8 chunks of flesh


   Skills:
 + Level 3.6 Fighting
 * Level 2.8 Maces & Flails
 + Level 3.7 Armour
 + Level 3.8 Shields


You had 2 spell levels left.
You didn't know any spells.

Dungeon Overview and Level Annotations

Branches:
Dungeon (2/15)

Altars:
Elyvilon
Nemelex Xobeh

Annotations:
D:2 Sigmund


Innate Abilities, Weirdness & Mutations

You are resistant to torment.
Your stone body is resilient. (AC +3)
You are immune to poison.
You resist negative energy. (rN+)
You are resistant to electric shocks. (rElec)
You can survive without breathing.
You are immune to petrification.
You are immune to rotting.


Message History

The frilled lizard bites you.
* * * LOW HITPOINT WARNING * * *
You completely miss something.
You hear some strange, mumbled words.
A puff of flame appears from out of thin air!
The puff of flame misses you. The frilled lizard barely misses you.
Something hits you but does no damage.
You miss the frilled lizard. The frilled lizard barely misses you.
You completely miss something.
You hear some strange, mumbled words.
You are more confused.
The frilled lizard bites you.
* * * LOW HITPOINT WARNING * * *
Something hits you but does no damage.
The frilled lizard bites you but does no damage.
The frilled lizard closely misses you. Something hits you.
* * * LOW HITPOINT WARNING * * *
The frilled lizard bites you but does no damage.
Something hits you.
You die...

#..........
+...........+ #..
#...........# +..)
#...........# #...
#...........# #...
#...........#
.###...###.........!.#
#.......##....{......#
+............@l......#
#....................#
#...........#####...##
#............... ....#
........÷.....). .....
.........#......#
...##
#).......#..###.# ..#
#........#..# .# ..#
#........#..#


You could see a frilled lizard.

Vanquished Creatures
  2 worms (D:2)
  2 dart slugs (D:1)
  A leopard gecko (D:1)
  3 bats
  2 giant cockroaches (D:2)
  4 goblins
  8 hobgoblins
  3 jackals (D:2)
  4 kobolds
  5 frilled lizards
  4 rats (D:1)
38 creatures vanquished.

Notes
Turn   | Place    | Note
-------+----------+-------------------------------------------
     0 | D:1      | Morrissey the Gargoyle Fighter began the quest for the Orb.
     0 | D:1      | Reached XP level 1. HP: 14/14 MP: 1/1
   106 | D:1      | Reached XP level 2. HP: 19/19 MP: 2/2
   540 | D:1      | Reached XP level 3. HP: 23/23 MP: 3/3
   796 | D:2      | Found a sparkling altar of Nemelex Xobeh.
   951 | D:2      | Found a white marble altar of Elyvilon.
  1055 | D:2      | Noticed Sigmund
  1084 | D:2      | HP: 1/23 [something (4)]
  1085 | D:2      | Slain by Sigmund

Action                   || total
-------------------------++-------
Melee: Flail             ||   149
  Use: Potion            ||     1
  Eat: Chunk             ||     1
Armor: Scale mail        ||    93
Dodge: Dodged            ||    62
Block: Shield            ||    85
